Workbook

Sheet Автопарк
A1: № | B1: Гос. номер | C1: Марка, модель | D1: Год | E1: Цена покупки | F1: Дата покупки | G1: ОСАГО до | H1: КАСКО до | I1: Тариф, ₽/сут | J1: Дней до ОСАГО | K1: Дней до КАСКО | L1: Статус
A2: 1 | B2: А001АА777 | C2: Пример: Kia Rio | D2: 2024 | E2: 1900000 | F2: 45717 | G2: 46082 | I2: 3200 | J2: ==IF(G2="","",G2-TODAY()) | K2: ==IF(H2="","",H2-TODAY()) | L2: В парке
A3: 2 | B3: В002ВВ777 | C3: Пример: Haval Jolion | D3: 2025 | E3: 2400000 | F3: 45792 | G3: 46157 | H3: 46157 | I3: 4200 | J3: ==IF(G3="","",G3-TODAY()) | K3: ==IF(H3="","",H3-TODAY()) | L3: В парке

Sheet Аренды
A1: Начало (дата, время) | B1: Окончание | C1: Суток | D1: Гос. номер | E1: Клиент | F1: Телефон | G1: Тариф, ₽/сут | H1: Аренда, ₽ | I1: Доп. услуги, ₽ | J1: Оплачено, ₽ | K1: Долг, ₽ | L1: Залог, ₽ | M1: Источник заявки
C2: ==IF(OR(A2="",B2=""),"",MAX(1,ROUNDUP(B2-A2,0))) | H2: ==IF(C2="","",C2*G2) | K2: ==IF(H2="","",H2+I2-J2)
C3: ==IF(OR(A3="",B3=""),"",MAX(1,ROUNDUP(B3-A3,0))) | H3: ==IF(C3="","",C3*G3) | K3: ==IF(H3="","",H3+I3-J3)
C4: ==IF(OR(A4="",B4=""),"",MAX(1,ROUNDUP(B4-A4,0))) | H4: ==IF(C4="","",C4*G4) | K4: ==IF(H4="","",H4+I4-J4)
C5: ==IF(OR(A5="",B5=""),"",MAX(1,ROUNDUP(B5-A5,0))) | H5: ==IF(C5="","",C5*G5) | K5: ==IF(H5="","",H5+I5-J5)
C6: ==IF(OR(A6="",B6=""),"",MAX(1,ROUNDUP(B6-A6,0))) | H6: ==IF(C6="","",C6*G6) | K6: ==IF(H6="","",H6+I6-J6)
C7: ==IF(OR(A7="",B7=""),"",MAX(1,ROUNDUP(B7-A7,0))) | H7: ==IF(C7="","",C7*G7) | K7: ==IF(H7="","",H7+I7-J7)
C8: ==IF(OR(A8="",B8=""),"",MAX(1,ROUNDUP(B8-A8,0))) | H8: ==IF(C8="","",C8*G8) | K8: ==IF(H8="","",H8+I8-J8)
C9: ==IF(OR(A9="",B9=""),"",MAX(1,ROUNDUP(B9-A9,0))) | H9: ==IF(C9="","",C9*G9) | K9: ==IF(H9="","",H9+I9-J9)
C10: ==IF(OR(A10="",B10=""),"",MAX(1,ROUNDUP(B10-A10,0))) | H10: ==IF(C10="","",C10*G10) | K10: ==IF(H10="","",H10+I10-J10)
C11: ==IF(OR(A11="",B11=""),"",MAX(1,ROUNDUP(B11-A11,0))) | H11: ==IF(C11="","",C11*G11) | K11: ==IF(H11="","",H11+I11-J11)
C12: ==IF(OR(A12="",B12=""),"",MAX(1,ROUNDUP(B12-A12,0))) | H12: ==IF(C12="","",C12*G12) | K12: ==IF(H12="","",H12+I12-J12)
C13: ==IF(OR(A13="",B13=""),"",MAX(1,ROUNDUP(B13-A13,0))) | H13: ==IF(C13="","",C13*G13) | K13: ==IF(H13="","",H13+I13-J13)
... C151: ==IF(OR(A151="",B151=""),"",MAX(1,ROUNDUP(B151-A151,0))) | H151: ==IF(C151="","",C151*G151) | K151: ==IF(H151="","",H151+I151-J151)

Sheet Расходы
A1: Дата | B1: Гос. номер | C1: Категория | D1: Описание | E1: Сумма, ₽
C2: ТО / ремонт / мойка / страховка / налог / стоянка / лизинг

Sheet Итоги по авто
A1: Начало периода | B1: 46023
A2: Конец периода | B2: 46387
A3: Гос. номер | B3: Выручка | C3: Расходы | D3: Прибыль | E3: Суток | F3: Загрузка
A4: =='Автопарк'!B2 | B4: ==SUMIF('Аренды'!D:D,A4,'Аренды'!H:H)+SUMIF('Аренды'!D:D,A4,'Аренды'!I:I) | C4: ==SUMIF('Расходы'!B:B,A4,'Расходы'!E:E) | D4: ==B4-C4 | E4: ==SUMIF('Аренды'!D:D,A4,'Аренды'!C:C) | F4: ==IF($B$2-$B$1+1<=0,"",E4/($B$2-$B$1+1))
A5: =='Автопарк'!B3 | B5: ==SUMIF('Аренды'!D:D,A5,'Аренды'!H:H)+SUMIF('Аренды'!D:D,A5,'Аренды'!I:I) | C5: ==SUMIF('Расходы'!B:B,A5,'Расходы'!E:E) | D5: ==B5-C5 | E5: ==SUMIF('Аренды'!D:D,A5,'Аренды'!C:C) | F5: ==IF($B$2-$B$1+1<=0,"",E5/($B$2-$B$1+1))
